 Dungeon Crawl Stone Soup version 0.22-a0-3-g4fa69d9 (webtiles) character file.

256 KristoblXynda the Charmwright (level 5, -5/25 HPs)
             Began as a Spriggan Skald on Jan 1, 2018.
             Was an Initiate of Fedhas.
             Slain by an orc
             ... wielding a +0 war axe
              (10 damage)
             ... on level 4 of the Dungeon.
             The game lasted 00:09:16 (5145 turns).

KristoblXynda the Charmwright (Spriggan Skald)      Turns: 5145, Time: 00:09:17

Health: -5/25      AC:  2    Str:  8    XL:     5   Next: 92%
Magic:  1/12       EV: 20    Int: 15    God:    Fedhas [......]
Gold:   215        SH:  0    Dex: 15    Spells: 5/12 levels left

rFire    . . .     SeeInvis +   q - +0 dagger
rCold    . . .     Gourm    .   (shield restricted)
rNeg     . . .     Faith    .   b - +0 robe
rPois    .         Spirit   .   (helmet restricted)
rElec    .         Reflect  .   (no cloak)
rCorr    .         Harm     .   (gloves unavailable)
MR       .....                  (boots unavailable)
Stlth    ++........             (no amulet)
HPRegen  0.08/turn              (no ring)
MPRegen  0.13/turn              (no ring)

@: infused, very quick
A: very small, unfitting armour, see invisible, herbivore, speed 3, slow
metabolism 2
a: Fungal Bloom, Renounce Religion


You were on level 4 of the Dungeon.
You worshipped Fedhas.
Fedhas was noncommittal.
You were not hungry.

You visited 2 branches of the dungeon, and saw 5 of its levels.

You collected 215 gold pieces.

Inventory:

Hand Weapons
 j - a +2 vampiric short sword
 q - a +0 dagger (weapon)
Armour
 b - a +0 robe (worn)
Wands
 p - a wand of polymorph (13)
 s - a wand of random effects (18)
Scrolls
 e - a scroll of immolation {unknown}
 g - a scroll of random uselessness {unknown}
 h - a scroll of enchant weapon {unknown}
 i - 2 scrolls of noise {unknown}
 k - 2 scrolls of identify {unknown}
 m - 2 scrolls of fear {unknown}
 n - 2 scrolls of magic mapping {unknown}
 r - 3 scrolls of teleportation
 t - a scroll of remove curse {unknown}
Potions
 a - a potion of mutation {unknown}
 f - 2 potions of heal wounds {unknown}
 l - a potion of resistance {unknown}
 o - a potion of haste {unknown}
 u - a potion of degeneration {unknown}
 v - a potion of agility
 w - a potion of brilliance {unknown}
Books
 c - a book of Battle

   Spells                             Type                      Level
   a - Infusion                       Charms                       1
   b - Shroud of Golubria             Charms/Translocation         2
   c - Song of Slaying                Charms                       2
   d - Spectral Weapon                Hexes/Charms                 3
   e - Regeneration                   Charms/Necromancy            3
Comestibles
 d - 7 rations


   Skills:
 - Level 1.5 Fighting
 + Level 3.8 Short Blades
 - Level 5.2 Dodging
 + Level 1.4 Stealth
 + Level 4.4 Spellcasting
 + Level 6.2 Charms


You had 5 spell levels left.
You knew the following spells:

 Your Spells              Type           Power        Failure   Level  Hunger
a - Infusion              Chrm           ###.         1%          1    None
b - Regeneration          Chrm/Necr      ##........   14%         3    ###....
c - Spectral Weapon       Hex/Chrm       ##......     14%         3    ###....


Dungeon Overview and Level Annotations

Branches:
Dungeon (4/15)             Temple (1/1) D:4

Altars:
Fedhas
Hepliaklqana
Kikubaaqudgha
Makhleb
Nemelex Xobeh
Okawaru
Ru
Trog
Vehumet
Wu Jian
Zin
The Shining One


Innate Abilities, Weirdness & Mutations

You are very small and have problems with some larger weapons.
You are too small for most types of armour.
You have supernaturally acute eyesight. (SInv)
You are a herbivore.
You cover ground extremely quickly.
You need consume almost no food.


Message History

The orc hits you with a morningstar!
You barely miss the orc. The orc hits you with a war axe.
* * * LOW HITPOINT WARNING * * *
You hit the orc.
The orc is lightly wounded.
The orc misses you. The orc completely misses you.
Evoke which item? (* to show all) (? for menu, Esc to quit)
Aiming: Random Effects
Press: ? - help, Shift-Dir - straight line, f - orc
Aim: an orc, wielding a morningstar The puff of frost hits the orc.
The orc is almost dead.
Evoke which item? (* to show all) (? for menu, Esc to quit)
Aiming: Random Effects
Press: ? - help, Shift-Dir - straight line, f/p - orc
Aim: an orc, wielding a morningstar (almost dead)
The orc flickers and vanishes for a moment.
The orc hits you with a war axe!
You die...
Fedhas appreciates your contribution to the ecosystem.

#......## ####.#.##.#
#.......## #....#....#
#........####..#.##....#
#####.#....o.....#....##
....#.....#.#......#..#
#......#.#.#)....#
..###...o#.#.#.#...##
....###..o.#.>.#....#
#.#..##..@#.#.#.#...#
.#.....#!...#.#.#....#
.....#.#....)#.#.....#
..o..................#
............#####...##
.............#.. ...#
....................#
.....................
..........$......=


You could see 3 orcs.

Vanquished Creatures
  A bullfrog skeleton (D:4)
  Natasha (thrice) (D:3)
  A worker ant (D:4)
  A howler monkey skeleton (D:2)
  An adder (D:2)
  An ooze (D:3)
  An adder skeleton (D:4)
  2 worms (D:2)
  3 dart slugs
  3 leopard geckos
  4 orcs
  3 giant cockroaches
  11 goblins
  13 hobgoblins
  A quokka (D:2)
  3 ball pythons
  8 bats
  11 frilled lizards
  5 kobolds
  12 rats
88 creatures vanquished.

Vanquished Creatures (others)
  2 hobgoblins (D:3)
  A toadstool (D:4)
3 creatures vanquished.

Grand Total: 91 creatures vanquished

Notes
Turn   | Place    | Note
-------+----------+-------------------------------------------
     0 | D:1      | KristoblXynda the Spriggan Skald began the quest for the Orb.
     0 | D:1      | Reached XP level 1. HP: 10/10 MP: 5/5
   349 | D:1      | Reached XP level 2. HP: 13/14 MP: 6/6
  1191 | D:1      | Reached XP level 3. HP: 13/18 MP: 6/8
  1196 | D:1      | Learned a level 3 spell: Regeneration
  1200 | D:1      | Learned a level 3 spell: Spectral Weapon
  1863 | D:2      | Reached skill level 5 in Charms
  2560 | D:2      | Reached XP level 4. HP: 19/22 MP: 6/10
  3720 | D:3      | Found a radiant altar of Vehumet.
  3742 | D:3      | Found a glowing golden altar of the Shining One.
  3929 | D:3      | Noticed Natasha
  3943 | D:3      | Killed Natasha
  3943 | D:3      | Reached skill level 5 in Dodging
  3943 | D:3      | Reached XP level 5. HP: 21/25 MP: 6/11
  4081 | D:3      | Noticed Natasha
  4101 | D:3      | Killed Natasha
  4230 | D:3      | Noticed Natasha
  4241 | D:3      | Killed Natasha
  4551 | D:4      | Found a staircase to the Ecumenical Temple.
  4554 | D:4      | Reached skill level 6 in Charms
  4562 | Temple   | Entered the Ecumenical Temple
  5025 | Temple   | Became a worshipper of Fedhas Madash
  5129 | D:4      | Reached skill level 1 in Stealth
  5145 | D:4      | Slain by an orc

Vault maps used:
D:1:      dpeg_arrival_water_fire
D:2:      minmay_diamond_boxcup
D:3:      minitemple, lemuel_flame_loot_1, uniq_natasha
D:4:      kennysheep_spiral_hall, nicolae_overflow_hidden_temple,
          gammafunk_temple_overflow_claw, minmay_temple_entry_grid,
          kennysheep_decorative_pillar, grunt_ministairs_4
Temple:   dpeg_chambers_temple

Skill      XL: |  1  2  3  4  5 |
---------------+----------------+-----
Spellcasting   | 3 4 |  4.4
Dodging        | 4 5 |  5.2
Charms         | 5 6 |  6.2
Short Blades   | 3 |  3.8
Stealth        | 1 |  1.4
Fighting       | |  1.5

Action                   |  1- 3 |  4- 6 || total
-------------------------+-------+-------++-------
Melee: Short sword       |   152 |    48 ||   200
       Dagger            |       |   128 ||   128
 Cast: Infusion          |    10 |    10 ||    20
       Regeneration      |       |     1 ||     1
Invok: Fungal Bloom      |       |     1 ||     1
Evoke: Wand              |       |     2 ||     2
  Use: Potion            |       |     2 ||     2
       Scroll            |       |     1 ||     1
 Stab: Sleeping          |     4 |     5 ||     9
  Eat: Ration            |       |     1 ||     1
Armor: Robe              |    11 |     6 ||    17
Dodge: Dodged            |   134 |   136 ||   270

Table legend:
 A = Spawn XP
 B = Non-spawn XP
 C = Spawn XP percentage of total XP
 D = Spawn monster count
 E = Non-spawn monster count
 F = Spawn count percentage of total count
 G = Total turns spent on level
                    A         B        C        D         E        F      G
               +---------+---------+-------+---------+---------+-------+---------
         Total |       0 |     367 |   0.0 |       0 |      88 |   0.0 |  5145
               +---------+---------+-------+---------+---------+-------+---------
           D:1 |       0 |      48 |   0.0 |       0 |      27 |   0.0 |  1825
           D:2 |       0 |      84 |   0.0 |       0 |      31 |   0.0 |  1253
           D:3 |       0 |     148 |   0.0 |       0 |      24 |   0.0 |  1440
           D:4 |       0 |      87 |   0.0 |       0 |       6 |   0.0 |   136
               +---------+---------+-------+---------+---------+-------+---------
